Map: Deathaura LE

Players

Massa

  • Race: Protoss Protoss
  • League: Platinum
  • Spawn Location: 5:00

qqq - Winner!

  • Race: Protoss Protoss
  • League: Platinum
  • Spawn Location: 11:00

VOD

Have the link to the VOD?

Description

Time

  • Played on: Jan. 6, 2021, 7:49 a.m.
  • Length: 26:19
Show
View Real Time Build Order
Export as new Build Order

Massa Protoss 

Build Orders: Carriers, Carrier Rush 

Get SALT Encoding   

  12  0:04  Probe  
  13  0:29  Pylon  
  13  0:32  Assimilator  
  13  0:35  Assimilator  
  13  0:41  Probe  
  14  0:53  Probe  
  15  1:05  Probe  
  15  1:10  Gateway  
  16  1:17  Probe  
  17  1:30  Probe (Chrono Boost)  
  18  1:42  Probe (Chrono Boost)  
  19  1:50  Probe (Chrono Boost)  
  20  1:56  Probe  
  20  1:58  Cybernetics Core  
  20  2:00  Pylon  
  21  2:08  Probe (Chrono Boost)  
  22  2:18  Probe (Chrono Boost)  
  23  2:23  Probe (Chrono Boost)  
  24  2:34  Probe  
  24  2:36  Stargate  
  25  2:42  Nexus  
  25  2:54  Probe  
  26  3:06  Probe  
  27  3:18  Probe  
  28  3:22  Fleet Beacon  
  28  3:30  Probe (Chrono Boost)  
  28  3:32  Assimilator  
  28  3:34  Assimilator  
  30  3:41  Probe (Chrono Boost)  
  30  3:46  Probe (Chrono Boost)  
  31  3:57  Probe  
  31  3:58  Stargate  
  31  3:59  Probe  
  33  4:09  Probe  
  34  4:11  Probe  
  35  4:21  Probe  
  35  4:23  Probe  
  37  4:33  Probe, Pylon  
  37  4:34  Pylon  
  37  4:36  Probe  
  39  4:45  Probe  
  40  4:48  Carrier (Chrono Boost)  
  40  4:51  Probe, Carrier (Chrono Boost)  
  53  4:56  Pylon x2  
  53  4:58  Pylon  
  53  5:48  Carrier (Chrono Boost)  
  53  5:50  Carrier (Chrono Boost)  
  65  6:01  Pylon, Stargate  
  65  6:04  Pylon  
  65  6:06  Pylon  
  65  6:07  Pylon  
  65  6:36  Carrier  
  71  6:48  Carrier  
  71  6:49  Carrier  
  83  7:47  Carrier  
  89  7:53  Carrier x2  
  77  12:48  Carrier x3  
  95  13:22  Pylon  
  95  13:23  Pylon  
  95  13:24  Pylon  
  95  13:26  Pylon  
  95  13:28  Pylon  
  95  13:31  Pylon  
  95  13:32  Pylon  
  95  13:34  Pylon  
  95  13:52  Carrier x2  
  95  13:53  Carrier  
  113  14:57  Carrier x3  
Show
View Real Time Build Order
Export as new Build Order

qqq Protoss - Winner!

Build Orders: Phoenix Opening 

Get SALT Encoding   

  12  0:00  Probe  
  13  0:25  Pylon  
  13  0:37  Assimilator  
  13  0:38  Probe  
  13  0:39  Assimilator  
  14  0:50  Probe  
  15  1:01  Gateway  
  15  1:03  Probe  
  16  1:15  Probe  
  17  1:27  Probe (Chrono Boost)  
  18  1:39  Probe (Chrono Boost)  
  20  1:47  Probe (Chrono Boost)  
  20  1:48  Cybernetics Core  
  20  1:50  Pylon  
  20  1:53  Probe  
  21  2:05  Probe (Chrono Boost)  
  22  2:14  Probe (Chrono Boost)  
  23  2:20  Probe (Chrono Boost)  
  24  2:28  Stargate  
  24  2:31  Probe  
  25  2:41  Nexus  
  25  2:46  Probe (Chrono Boost)  
  26  2:56  Probe (Chrono Boost)  
  27  3:01  Probe (Chrono Boost)  
  28  3:09  Pylon  
  28  3:13  Probe  
  28  3:14  Fleet Beacon  
  29  3:25  Probe  
  30  3:40  Stargate  
  30  3:45  Phoenix  
  30  3:47  Probe (Chrono Boost), Assimilator  
  33  3:49  Assimilator  
  33  3:57  Probe (Chrono Boost)  
  33  4:02  Probe (Chrono Boost)  
  34  4:05  Probe  
  36  4:14  Probe  
  37  4:17  Probe  
  38  4:26  Probe, Pylon  
  38  4:28  Pylon  
  38  4:29  Probe  
  40  4:35  Phoenix  
  40  4:38  Probe  
  43  4:39  Anion Pulse-Crystals  
  43  4:41  Probe  
  44  4:50  Probe  
  45  4:53  Probe  
  46  5:01  Pylon  
  46  5:02  Probe, Phoenix  
  46  5:03  Pylon  
  46  5:05  Pylon  
  46  5:06  Probe, Pylon  
  50  5:11  Phoenix  
  52  5:27  Phoenix (Chrono Boost)  
  54  5:36  Phoenix (Chrono Boost)  
  56  5:51  Phoenix (Chrono Boost)  
  58  5:58  Stargate  
  58  6:10  Phoenix  
  58  6:11  Phoenix  
  62  6:35  Phoenix  
  62  6:36  Phoenix  
  66  7:00  Phoenix x2  
  70  7:25  Phoenix x2  
  74  7:40  Phoenix  
  76  7:50  Phoenix x2  
  80  8:05  Phoenix  
  82  8:15  Phoenix x2  
  86  8:30  Phoenix  
  86  8:40  Phoenix x2  
  82  8:55  Oracle  
  77  9:05  Oracle  
  78  9:35  Phoenix  
  78  9:36  Phoenix  
  82  9:42  Phoenix  
  84  10:00  Phoenix  
  78  11:11  Phoenix x3  
  84  11:36  Phoenix x3  
  90  12:01  Phoenix x3  
  96  12:26  Phoenix x3  
  102  13:13  Pylon  
  102  13:14  Pylon  
  102  13:16  Pylon  
  102  13:17  Pylon  
  102  13:19  Pylon  
  102  13:21  Pylon  
  102  13:23  Pylon  
  102  13:25  Pylon  
  102  13:26  Pylon  
  102  13:31  Phoenix x3, Pylon  
  102  13:33  Pylon  
  108  13:35  Pylon  
  108  13:36  Pylon  
  108  13:56  Phoenix x3  
  114  14:21  Phoenix x3  
  120  14:46  Phoenix x3  
Tags
 
Composition
Carriers
Matchup
PvP
Replay Pack
Multiplayer
Spawn Locations
Cross Positions
Strategy
Carrier Rush
Add a new tag
Caveats
  • Supply blocks, unpowered buildings, or Contaminate may cause inaccurate times.
  • Supply counts are checked every 10 seconds.